Panthers vs Flames
(R2)
Created - October 29, 2017 at 21:01
Goals
|
| Panthers |
1 |
1 |
0 |
0 |
1 |
3 |
| Flames |
2 |
0 |
0 |
0 |
0 |
2 |
|
Shots
|
| Panthers |
10 |
11 |
8 |
0 |
9 |
29 |
| Flames |
16 |
13 |
7 |
2 |
9 |
38 |
|
1st period
1. Flames , David Backes 4 (Eric Staal 5) at 4:43
2. Flames , David Backes 5 (Eric Staal 6) at 5:28
3. Panthers , Peter Prucha 3 (Scott Gomez 7, Steve Montador 1) at 11:14
Penalties :
Brad Marchand (Cal) for Interference (Minor) at 0:47, Steve Eminger (Cal) for Fighting (Major) at 5:56, Erik Gudbranson (Flo) for Fighting (Major) at 5:56
2nd period
4. Panthers , Marian Hossa 11 (Tim Connolly 16) at 11:17
Penalties :
Jonathan Matsumoto (Flo) for High sticking (Minor) at 3:34, Steve Montador (Flo) for Roughing (Minor) at 11:32, Steve Montador (Flo) for Holding (Minor) at 15:47
3rd period
No Goal
Penalties :
Radko Gudas (Flo) for Holding (Minor) at 3:29, Radko Gudas (Flo) for Roughing (Minor) at 5:54, Scott Gomez (Flo) for Tripping (Minor) at 16:45
Overtime #1
No Goal
Penalties :
No Penalty
Shootout
Penalty Shot by Guillaume Latendresse for Panthers - Stopped by Pekka Rinne
Penalty Shot by Eric Staal for Flames - Stopped by Antti Niemi
Penalty Shot by Sergei Samsonov for Panthers - Shot Misses the Net
Penalty Shot by Alexander Semin for Flames - Stopped by Antti Niemi
Penalty Shot by Jeff Tambellini for Panthers - Stopped by Pekka Rinne
Penalty Shot by David Backes for Flames - Stopped by Antti Niemi
Penalty Shot by Marian Hossa for Panthers - Stopped by Pekka Rinne
Penalty Shot by Patrik Berglund for Flames - Shot Misses the Net
Penalty Shot by Peter Prucha for Panthers - Stopped by Pekka Rinne
Penalty Shot by Colin Wilson for Flames - Stopped by Antti Niemi
Penalty Shot by Daniel Sedin for Panthers - Shot Misses the Net
Penalty Shot by Mikhail Grabovski for Flames - Shot Misses the Net
Penalty Shot by Jonathan Matsumoto for Panthers - Stopped by Pekka Rinne
Penalty Shot by Brad Marchand for Flames - Stopped by Antti Niemi
Penalty Shot by Shawn Horcoff for Panthers - Stopped by Pekka Rinne
Penalty Shot by Steve Regier for Flames - Shot Misses the Net
Penalty Shot by Alexander Perezhogin for Panthers - Goal!
Penalty Shot by Jordin Tootoo for Flames - Shot Misses the Net
Penalties :
No Penalty
Goalie Stats
Antti Niemi (Flo), 36 saves from 38 shots - (0.947), W, 4-2-1, 65:00 minutes
Pekka Rinne (Cal), 27 saves from 29 shots - (0.931), OTL, 3-4-1, 65:00 minutes
Players Stats for Panthers
Player Name G A P +/- PIM S H SB GA TA FO MP PP MP PK MP
------------------------------------------------------------------------------------
Alexander Perezhogin 0 0 0 -2 0 3 1 0 0 0 0/1 10:48 0:00 0:00
Daniel Sedin 0 0 0 1 0 2 1 0 0 0 0/1 15:43 0:57 2:52
Erik Gudbranson 0 0 0 1 5 1 3 2 0 0 0/0 26:18 1:00 6:54
Guillaume Latendresse 0 0 0 1 0 3 5 1 1 0 1/1 24:13 1:02 6:31
Jeff Tambellini 0 0 0 0 0 0 0 2 1 0 0/0 10:26 0:00 0:15
Jonathan Matsumoto 0 0 0 0 2 1 1 0 1 0 1/5 10:27 0:00 0:18
Jonathan Sigalet 0 0 0 0 0 1 0 1 0 1 0/0 22:34 0:59 5:07
Marian Hossa 1 0 1 1 0 3 1 0 0 0 1/2 19:29 1:02 2:16
Matthew Spiller 0 0 0 -1 0 0 2 3 1 0 0/0 25:00 0:59 6:41
Peter Prucha 1 0 1 1 0 2 5 0 0 0 0/0 11:21 0:57 0:00
Radko Gudas 0 0 0 -1 4 1 1 4 0 0 0/0 16:07 0:00 1:05
Scott Gomez 0 1 1 1 2 4 2 1 1 2 4/14 19:00 0:57 5:33
Sergei Samsonov 0 0 0 -2 0 2 1 0 0 1 0/0 12:14 0:00 0:00
Shawn Horcoff 0 0 0 -2 0 1 2 0 0 0 2/7 15:16 0:00 4:34
Steve Montador 0 1 1 2 4 0 3 0 0 1 0/0 25:23 1:00 4:01
Tim Connolly 0 1 1 1 0 3 1 0 1 3 18/31 19:02 1:02 1:29
Tomas Kopecky 0 0 0 0 0 2 0 0 0 1 0/0 9:44 0:00 0:00
William Colbert 0 0 0 -1 0 0 0 1 0 0 0/0 14:54 0:00 0:00
Players Stats for Flames
Player Name G A P +/- PIM S H SB GA TA FO MP PP MP PK MP
------------------------------------------------------------------------------------
Alexander Semin 0 0 0 2 0 3 2 0 0 0 0/0 24:07 5:29 0:57
Brad Marchand 0 0 0 0 2 4 0 0 2 0 0/0 14:05 1:08 0:00
Brendan Mikkelson 0 0 0 0 0 2 1 3 1 0 0/0 19:11 0:37 0:00
Colby Robak 0 0 0 0 0 1 1 1 1 1 0/0 20:13 6:41 0:39
Colin Wilson 0 0 0 0 0 2 2 0 0 0 5/6 13:50 1:12 0:00
David Backes 2 0 2 2 0 10 1 0 2 0 2/3 21:41 5:30 1:02
Derek Meech 0 0 0 1 0 1 2 2 0 1 0/0 27:18 5:11 0:39
Eric Staal 0 2 2 2 0 4 3 0 1 1 19/35 22:50 5:31 0:00
Erik Johnson 0 0 0 0 0 3 1 2 0 1 0/0 25:09 6:08 0:00
Jonathan Ferland 0 0 0 -1 0 0 0 0 0 0 0/0 8:33 1:20 0:00
Jordin Tootoo 0 0 0 -1 0 1 2 2 1 0 0/0 19:37 5:04 1:02
Lubomir Visnovsky 0 0 0 0 0 1 2 0 0 0 0/0 21:03 5:11 1:20
Marcel Goc 0 0 0 -1 0 1 0 0 0 0 0/0 7:50 0:20 0:00
Michel Ouellet 0 0 0 0 0 0 1 1 0 0 0/0 11:00 0:00 0:00
Mikhail Grabovski 0 0 0 -1 0 3 2 0 0 0 4/6 7:55 0:00 0:57
Patrik Berglund 0 0 0 -1 0 1 3 1 1 0 4/11 18:41 5:04 0:00
Steve Eminger 0 0 0 -1 5 0 1 0 0 1 0/0 17:14 0:00 1:20
Steve Regier 0 0 0 -1 0 1 2 0 0 1 1/1 17:42 5:04 0:00
3 Stars
1 - David Backes (Cal)
2 - Eric Staal (Cal)
3 - Peter Prucha (Flo)
Power Play
Panthers - 0 on 1 Attempt(s) - 0.00%
Flames - 0 on 6 Attempt(s) - 0.00%
Penalty Kill
Panthers - 6 on 6 Attempt(s) - 100.00%
- Score 0 goal in Penalty Kill
Flames - 1 on 1 Attempt(s) - 100.00%
- Score 0 goal in Penalty Kill
Team Stat
Panthers - Hits : 29 - Faceoff Wins : 27 - Blocked Shots : 15 - Penalty Minutes : 17
Flames - Hits : 26 - Faceoff Wins : 35 - Blocked Shots : 12 - Penalty Minutes : 7
Official
Referees : Walsh Ian and O'Rourke Dan
Linesman : Thor Nelson and Brian Murphy
Game Notes
Steve Eminger and Erik Gudbranson fight to a draw at 5:56 of 1st period
Finance
Level 1 -- Attendance: 4832 (80.53%) -- Ticket Income $444,544
Level 2 -- Attendance: 4063 (81.26%) -- Ticket Income $247,843
Level 3 -- Attendance: 1970 (98.50%) -- Ticket Income $72,890
Level 4 -- Attendance: 4000 (100.00%) -- Ticket Income $108,000
Luxury Box -- Attendance: 746 (74.60%) -- Ticket Income $126,820
Game was played at the Metal Center.
Total Attendance: 15611 (86.73%)
Total Ticket Income: $1,000,097
Other Income: $150,015
Total Income: $1,150,112
Panthers
5 vs 5 Forward
Center Left Wing Right Wing Time % Phy DF OF
1 Tim Connolly Guillaume Latendresse Marian Hossa 40 0 2 3
2 Scott Gomez Daniel Sedin Peter Prucha 30 0 2 3
3 Shawn Horcoff Sergei Samsonov Alexander Perezhogin 20 0 2 3
4 Jonathan Matsumoto Jeff Tambellini Tomas Kopecky 10 1 2 2
5 vs 5 Defense
Defense Defense Time % Phy DF OF
1 Steve Montador Erik Gudbranson 40 0 2 3
2 Matthew Spiller Jonathan Sigalet 30 0 2 3
3 Radko Gudas William Colbert 20 0 3 2
4 Steve Montador Erik Gudbranson 10 0 2 3
PowerPlay Forward
Center Left Wing Right Wing Time % Phy DF OF
1 Tim Connolly Guillaume Latendresse Marian Hossa 60 1 0 4
2 Scott Gomez Daniel Sedin Peter Prucha 40 1 0 4
PowerPlay Defense
Defense Defense Time % Phy DF OF
1 Steve Montador Erik Gudbranson 60 1 1 3
2 Matthew Spiller Jonathan Sigalet 40 1 1 3
Penalty Kill 4 Players Forward
Center Wing Time % Phy DF OF
1 Scott Gomez Guillaume Latendresse 60 1 3 1
2 Shawn Horcoff Marian Hossa 40 1 3 1
Penalty Kill 4 Players Defense
Defense Defense Time % Phy DF OF
1 Steve Montador Erik Gudbranson 60 1 3 1
2 Jonathan Sigalet Matthew Spiller 40 1 3 1
Penalty Kill - 3 Players Forward
Forward Time % Phy DF OF
1 Guillaume Latendresse 60 1 3 1
2 Scott Gomez 40 1 3 1
Penalty Kill - 3 Players Defense
Defense Defense Time % Phy DF OF
1 Steve Montador Erik Gudbranson 60 1 3 1
2 Jonathan Sigalet Matthew Spiller 40 1 3 1
4 vs 4 Forward
Center Wing Time % Phy DF OF
1 Tim Connolly Guillaume Latendresse 60 0 2 3
2 Scott Gomez Marian Hossa 40 0 2 3
4 vs 4 Defense
Defense Defense Time % Phy DF OF
1 Steve Montador Erik Gudbranson 60 0 2 3
2 Matthew Spiller Jonathan Sigalet 40 1 2 2
Last Minutes Offensive
Center Left Wing Right Wing Defense Defense
Tim Connolly Guillaume Latendresse Marian Hossa Steve Montador Erik Gudbranson
Last Minutes Defensive
Center Left Wing Right Wing Defense Defense
Scott Gomez Guillaume Latendresse Peter Prucha Steve Montador Matthew Spiller
Goaltenders
Starting : Antti Niemi
Backup : Petr Mrazek
Extra Forwards
Normal : Sergei Samsonov, Guillaume Latendresse, Marian Hossa - PP : Sergei Samsonov, Guillaume Latendresse - PK : Shawn Horcoff
Extra Defensemen
Normal : Matthew Spiller, Jonathan Sigalet, Erik Gudbranson - PP : Jonathan Sigalet - PK : Matthew Spiller, Erik Gudbranson
Penalty Shots
Guillaume Latendresse, Sergei Samsonov, Jeff Tambellini, Marian Hossa, Peter Prucha
Scratches
None
Flames
5 vs 5 Forward
Center Left Wing Right Wing Time % Phy DF OF
1 Eric Staal Alexander Semin David Backes 41 1 2 2
2 Patrik Berglund Steve Regier Jordin Tootoo 33 1 2 2
3 Colin Wilson Brad Marchand Michel Ouellet 18 1 2 2
4 Mikhail Grabovski Marcel Goc Jonathan Ferland 8 1 2 2
5 vs 5 Defense
Defense Defense Time % Phy DF OF
1 Derek Meech Erik Johnson 38 1 2 2
2 Brendan Mikkelson Steve Eminger 29 1 2 2
3 Lubomir Visnovsky Colby Robak 23 1 2 2
4 Brendan Mikkelson Steve Eminger 10 1 2 2
PowerPlay Forward
Center Left Wing Right Wing Time % Phy DF OF
1 Eric Staal Alexander Semin David Backes 60 1 1 3
2 Patrik Berglund Steve Regier Jordin Tootoo 40 1 1 3
PowerPlay Defense
Defense Defense Time % Phy DF OF
1 Colby Robak Erik Johnson 60 1 1 3
2 Derek Meech Lubomir Visnovsky 40 1 1 3
Penalty Kill 4 Players Forward
Center Wing Time % Phy DF OF
1 Mikhail Grabovski Alexander Semin 50 1 3 1
2 David Backes Jordin Tootoo 50 1 3 1
Penalty Kill 4 Players Defense
Defense Defense Time % Phy DF OF
1 Lubomir Visnovsky Steve Eminger 58 1 3 1
2 Derek Meech Colby Robak 42 1 3 1
Penalty Kill - 3 Players Forward
Forward Time % Phy DF OF
1 Eric Staal 50 1 3 1
2 Alexander Semin 50 1 3 1
Penalty Kill - 3 Players Defense
Defense Defense Time % Phy DF OF
1 Lubomir Visnovsky Steve Eminger 58 1 3 1
2 Derek Meech Colby Robak 42 1 3 1
4 vs 4 Forward
Center Wing Time % Phy DF OF
1 Eric Staal Alexander Semin 60 1 2 2
2 Patrik Berglund Jordin Tootoo 40 1 2 2
4 vs 4 Defense
Defense Defense Time % Phy DF OF
1 Derek Meech Erik Johnson 60 1 2 2
2 Brendan Mikkelson Steve Eminger 40 1 2 2
Last Minutes Offensive
Center Left Wing Right Wing Defense Defense
Eric Staal Alexander Semin David Backes Derek Meech Erik Johnson
Last Minutes Defensive
Center Left Wing Right Wing Defense Defense
Eric Staal Alexander Semin David Backes Derek Meech Erik Johnson
Goaltenders
Starting : Pekka Rinne
Backup : Josh Harding
Extra Forwards
Normal : Brad Marchand, Jordin Tootoo, Colin Wilson - PP : Colin Wilson, Brad Marchand - PK : Brad Marchand
Extra Defensemen
Normal : Derek Meech, Steve Eminger, Lubomir Visnovsky - PP : Derek Meech - PK : Erik Johnson, Derek Meech
Penalty Shots
Eric Staal, Alexander Semin, David Backes, Patrik Berglund, Colin Wilson
Scratches
Noah Welch (Healthy), Ron Hainsey (Torn Right Knee Ligaments Injury)
% Time on Ice - Panthers
Lines # - Real PCT - Wanted PCT - Time Play
Normal Forward
1 - 33% - 40% - 15:18
2 - 23% - 30% - 10:35
3 - 23% - 20% - 10:30
4 - 21% - 10% - 9:44
Normal Defense
1 - 37% - 40% - 17:10
2 - 29% - 30% - 13:10
3 - 31% - 20% - 14:17
4 - 3% - 10% - 1:30
PP Forward
1 - 52% - 60% - 1:02
2 - 48% - 40% - 0:57
PP Defense
1 - 50% - 60% - 1:00
2 - 50% - 40% - 0:59
PK Forward
1 - 81% - 60% - 9:38
2 - 19% - 40% - 2:16
PK Defense
1 - 67% - 60% - 7:59
2 - 33% - 40% - 3:55
PK3 Forward
1 - 0% - 60%
2 - 0% - 40%
PK3 Defense
1 - 0% - 60%
2 - 0% - 40%
44 Forward
1 - 73% - 60% - 3:40
2 - 27% - 40% - 1:20
44 Defense
1 - 71% - 60% - 3:34
2 - 29% - 40% - 1:26
Last Minute Offensive - 0:00
Last Minute Defensive - 0:00
Total
Forward - 65:00
Defense - 65:00
|
% Time on Ice - Flames
Lines # - Real PCT - Wanted PCT - Time Play
Normal Forward
1 - 35% - 41% - 16:12
2 - 27% - 33% - 12:19
3 - 24% - 18% - 11:00
4 - 14% - 8% - 6:36
Normal Defense
1 - 39% - 38% - 17:57
2 - 29% - 29% - 13:28
3 - 26% - 23% - 11:49
4 - 6% - 10% - 2:53
PP Forward
1 - 55% - 60% - 6:31
2 - 45% - 40% - 5:23
PP Defense
1 - 56% - 60% - 6:43
2 - 44% - 40% - 5:11
PK Forward
1 - 48% - 50% - 0:57
2 - 52% - 50% - 1:02
PK Defense
1 - 67% - 58% - 1:20
2 - 33% - 42% - 0:39
PK3 Forward
1 - 0% - 50%
2 - 0% - 50%
PK3 Defense
1 - 0% - 58%
2 - 0% - 42%
44 Forward
1 - 72% - 60% - 3:36
2 - 28% - 40% - 1:24
44 Defense
1 - 54% - 60% - 2:41
2 - 46% - 40% - 2:19
Last Minute Offensive - 0:00
Last Minute Defensive - 0:00
Total
Forward - 65:00
Defense - 65:00
|
Play by Play
1st period
0:01 of 1st period - Eric Staal wins face-off versus Tim Connolly in neutral zone.
0:05 of 1st period - Off-side.
0:06 of 1st period - Eric Staal wins face-off versus Tim Connolly in neutral zone.
0:11 of 1st period - Slapshot by Eric Staal.
0:11 of 1st period - Stopped by Antti Niemi without a rebound.
0:12 of 1st period - Scott Gomez wins face-off versus Patrik Berglund in Panthers zone.
0:17 of 1st period - Wrist shot by Peter Prucha.
0:17 of 1st period - Shot Misses the Net.
0:19 of 1st period - Snap shot by Matthew Spiller.
0:19 of 1st period - Shot Blocked by Jordin Tootoo.
0:21 of 1st period - Wrist shot by Scott Gomez.
0:21 of 1st period - Shot Blocked by Patrik Berglund.
0:23 of 1st period - Slapshot by Jonathan Sigalet.
0:23 of 1st period - Shot Blocked by Jordin Tootoo.
0:25 of 1st period - Slapshot by Daniel Sedin.
0:25 of 1st period - Deflect By Steve Eminger.
0:25 of 1st period - Shot Misses the Net.
0:25 of 1st period - Puck is out of play.
0:26 of 1st period - Colin Wilson wins face-off versus Shawn Horcoff in Flames zone.
0:47 of 1st period - Minor Penalty to Brad Marchand for Interference.
0:48 of 1st period - Mikhail Grabovski wins face-off versus Tim Connolly in Flames zone.
1:19 of 1st period - Snap shot by David Backes.
1:19 of 1st period - Shot Misses the Net.
2:47 of 1st period - Penalty to Brad Marchand is over, Brad Marchand is back on ice.
3:24 of 1st period - Slapshot by Shawn Horcoff.
3:24 of 1st period - Stopped by Pekka Rinne without a rebound.
3:25 of 1st period - Patrik Berglund wins face-off versus Jonathan Matsumoto in Flames zone.
3:30 of 1st period - Tomas Kopecky is hit by Colin Wilson and loses puck.
3:59 of 1st period - Icing by Guillaume Latendresse.
4:00 of 1st period - Mikhail Grabovski wins face-off versus Scott Gomez in Panthers zone.
4:43 of 1st period - Snap shot by David Backes.
4:43 of 1st period - Goal by David Backes - Panthers : 0 - Flames : 1.
4:44 of 1st period - Eric Staal wins face-off versus Tim Connolly in neutral zone.
4:47 of 1st period - Snap shot by David Backes.
4:47 of 1st period - Shot Misses the Net.
5:09 of 1st period - David Backes is hit by Steve Montador and loses puck.
5:16 of 1st period - Wrist shot by Alexander Perezhogin.
5:16 of 1st period - Shot Blocked by Derek Meech.
5:26 of 1st period - Snap shot by Eric Staal.
5:26 of 1st period - Shot Misses the Net.
5:28 of 1st period - Snap shot by David Backes.
5:28 of 1st period - Goal by David Backes - Panthers : 0 - Flames : 2.
5:29 of 1st period - Marian Hossa wins face-off versus Patrik Berglund in neutral zone.
5:32 of 1st period - Slapshot by Tim Connolly.
5:32 of 1st period - Stopped by Pekka Rinne with a rebound.
5:45 of 1st period - Guillaume Latendresse is hit by Colby Robak and loses puck.
5:51 of 1st period - Icing by Erik Gudbranson.
5:52 of 1st period - Eric Staal wins face-off versus Tim Connolly in Panthers zone.
5:56 of 1st period - Steve Eminger and Erik Gudbranson fight to a draw.
5:56 of 1st period - Penalty to Steve Eminger for Fighting.
5:56 of 1st period - Penalty to Erik Gudbranson for Fighting.
5:57 of 1st period - David Backes wins face-off versus Scott Gomez in Panthers zone.
6:04 of 1st period - Snap shot by David Backes.
6:04 of 1st period - Shot Misses the Net.
6:06 of 1st period - Snap shot by Alexander Semin.
6:06 of 1st period - Stopped by Antti Niemi with a rebound.
6:37 of 1st period - Slapshot by Colin Wilson.
6:37 of 1st period - Stopped by Antti Niemi without a rebound.
6:38 of 1st period - Tim Connolly wins face-off versus Patrik Berglund in Panthers zone.
6:59 of 1st period - Tim Connolly is hit by Derek Meech and loses puck.
7:32 of 1st period - Wrist shot by Brad Marchand.
7:32 of 1st period - Stopped by Antti Niemi without a rebound.
7:33 of 1st period - Colin Wilson wins face-off versus Jonathan Matsumoto in Panthers zone.
7:54 of 1st period - Brad Marchand is hit by Radko Gudas and loses puck.
8:28 of 1st period - Snap shot by Colin Wilson.
8:28 of 1st period - Shot Blocked by Jeff Tambellini.
8:30 of 1st period - Snap shot by Brad Marchand.
8:30 of 1st period - Stopped by Antti Niemi with a rebound.
8:32 of 1st period - Snap shot by Lubomir Visnovsky.
8:32 of 1st period - Deflect By Brad Marchand.
8:32 of 1st period - Stopped by Antti Niemi without a rebound.
8:33 of 1st period - Tim Connolly wins face-off versus David Backes in Panthers zone.
8:49 of 1st period - Off-side.
8:50 of 1st period - Steve Regier wins face-off versus Scott Gomez in neutral zone.
8:59 of 1st period - Derek Meech is hit by Peter Prucha and loses puck.
9:06 of 1st period - Slapshot by Peter Prucha.
9:06 of 1st period - Stopped by Pekka Rinne without a rebound.
9:07 of 1st period - Eric Staal wins face-off versus Tim Connolly in Flames zone.
9:20 of 1st period - Steve Montador is hit by Derek Meech.
9:28 of 1st period - David Backes is hit by Steve Montador and loses puck.
9:42 of 1st period - Off-side.
9:43 of 1st period - Patrik Berglund wins face-off versus Scott Gomez in neutral zone.
10:13 of 1st period - Slapshot by Sergei Samsonov.
10:13 of 1st period - Shot Blocked by Brendan Mikkelson.
10:23 of 1st period - Brendan Mikkelson is hit by Steve Montador.
10:35 of 1st period - Lubomir Visnovsky is hit by Marian Hossa and loses puck.
10:40 of 1st period - Snap shot by Marian Hossa.
10:40 of 1st period - Shot Blocked by Colby Robak.
10:52 of 1st period - Wrist shot by David Backes.
10:52 of 1st period - Stopped by Antti Niemi with a rebound.
10:54 of 1st period - Slapshot by Brendan Mikkelson.
10:54 of 1st period - Stopped by Antti Niemi with a rebound.
10:56 of 1st period - Slapshot by Brendan Mikkelson.
10:56 of 1st period - Shot Blocked by Jonathan Sigalet.
11:14 of 1st period - Snap shot by Peter Prucha.
11:14 of 1st period - Goal by Peter Prucha - Panthers : 1 - Flames : 2.
11:15 of 1st period - Eric Staal wins face-off versus Tim Connolly in neutral zone.
11:18 of 1st period - Slapshot by Erik Johnson.
11:18 of 1st period - Shot Blocked by Matthew Spiller.
11:49 of 1st period - Wrist shot by Steve Regier.
11:49 of 1st period - Shot Misses the Net.
11:51 of 1st period - Slapshot by Steve Regier.
11:51 of 1st period - Deflect By Patrik Berglund.
11:51 of 1st period - Shot Blocked by William Colbert.
11:51 of 1st period - Puck is out of play.
11:52 of 1st period - Eric Staal wins face-off versus Shawn Horcoff in Panthers zone.
12:17 of 1st period - William Colbert is hit by Mikhail Grabovski and loses puck.
12:22 of 1st period - Wrist shot by Marcel Goc.
12:22 of 1st period - Shot Blocked by Radko Gudas.
12:24 of 1st period - Snap shot by Mikhail Grabovski.
12:24 of 1st period - Stopped by Antti Niemi without a rebound.
12:25 of 1st period - Tim Connolly wins face-off versus Patrik Berglund in Panthers zone.
12:32 of 1st period - Snap shot by Tim Connolly.
12:32 of 1st period - Stopped by Pekka Rinne with a rebound.
13:00 of 1st period - Wrist shot by Alexander Semin.
13:00 of 1st period - Shot Misses the Net.
13:32 of 1st period - Snap shot by Alexander Perezhogin.
13:32 of 1st period - Stopped by Pekka Rinne with a rebound.
13:34 of 1st period - Snap shot by Jonathan Sigalet.
13:34 of 1st period - Shot Blocked by Derek Meech.
13:36 of 1st period - Slapshot by Matthew Spiller.
13:36 of 1st period - Shot Misses the Net.
13:52 of 1st period - Wrist shot by Eric Staal.
13:52 of 1st period - Stopped by Antti Niemi without a rebound.
13:53 of 1st period - Tim Connolly wins face-off versus Eric Staal in Panthers zone.
14:00 of 1st period - Slapshot by Tim Connolly.
14:00 of 1st period - Stopped by Pekka Rinne without a rebound.
14:01 of 1st period - Tim Connolly wins face-off versus Patrik Berglund in Flames zone.
14:14 of 1st period - Snap shot by Marian Hossa.
14:14 of 1st period - Shot Misses the Net.
14:26 of 1st period - Steve Eminger is hit by Scott Gomez and loses puck.
14:35 of 1st period - Wrist shot by Daniel Sedin.
14:35 of 1st period - Stopped by Pekka Rinne with a rebound.
14:49 of 1st period - Snap shot by Brad Marchand.
14:49 of 1st period - Stopped by Antti Niemi without a rebound.
14:50 of 1st period - Colin Wilson wins face-off versus Tim Connolly in Panthers zone.
14:59 of 1st period - Erik Johnson is hit by Tim Connolly and loses puck.
15:08 of 1st period - Derek Meech is hit by Matthew Spiller and loses puck.
15:41 of 1st period - Daniel Sedin is hit by Jordin Tootoo and loses puck.
16:14 of 1st period - Snap shot by Alexander Semin.
16:14 of 1st period - Shot Blocked by Jeff Tambellini.
16:23 of 1st period - Off-side.
16:24 of 1st period - Tim Connolly wins face-off versus Mikhail Grabovski in neutral zone.
17:13 of 1st period - Wrist shot by Alexander Perezhogin.
17:13 of 1st period - Stopped by Pekka Rinne without a rebound.
17:14 of 1st period - David Backes wins face-off versus Shawn Horcoff in Flames zone.
17:25 of 1st period - Snap shot by Sergei Samsonov.
17:25 of 1st period - Stopped by Pekka Rinne without a rebound.
17:26 of 1st period - Tim Connolly wins face-off versus Eric Staal in Flames zone.
17:37 of 1st period - Backhand shot by Alexander Semin.
17:37 of 1st period - Shot Blocked by Erik Gudbranson.
17:39 of 1st period - Snap shot by Colby Robak.
17:39 of 1st period - Deflect By Erik Gudbranson.
17:39 of 1st period - Stopped by Antti Niemi with a rebound.
17:53 of 1st period - Steve Montador is hit by Patrik Berglund and loses puck.
17:58 of 1st period - Snap shot by Patrik Berglund.
17:58 of 1st period - Stopped by Antti Niemi with a rebound.
18:36 of 1st period - Steve Eminger is hit by Matthew Spiller and loses puck.
18:57 of 1st period - Wrist shot by Mikhail Grabovski.
18:57 of 1st period - Stopped by Antti Niemi with a rebound.
19:16 of 1st period - Off-side.
19:17 of 1st period - Tim Connolly wins face-off versus Eric Staal in neutral zone.
19:42 of 1st period - David Backes is hit by Erik Gudbranson and loses puck.
19:51 of 1st period - Slapshot by Alexander Perezhogin.
19:51 of 1st period - Shot Misses the Net.
19:53 of 1st period - Slapshot by William Colbert.
19:53 of 1st period - Shot Blocked by Erik Johnson.
Goals for this period are 1 for Panthers vs 2 for Flames.
Shots for this period are 10 for Panthers vs 16 for Flames.
2nd period
0:01 of 2nd period - Patrik Berglund wins face-off versus Tim Connolly in neutral zone.
0:01 of 2nd period - Derek Meech is hit by Guillaume Latendresse and loses puck.
1:08 of 2nd period - Snap shot by Jordin Tootoo.
1:08 of 2nd period - Deflect By Radko Gudas.
1:08 of 2nd period - Shot Misses the Net.
1:08 of 2nd period - Puck is out of play.
1:09 of 2nd period - Jonathan Matsumoto wins face-off versus Eric Staal in Panthers zone.
1:26 of 2nd period - Wrist shot by Eric Staal.
1:26 of 2nd period - Shot Hit the Post.
1:48 of 2nd period - Snap shot by Tomas Kopecky.
1:48 of 2nd period - Stopped by Pekka Rinne without a rebound.
1:49 of 2nd period - Tim Connolly wins face-off versus Eric Staal in Flames zone.
3:22 of 2nd period - Snap shot by Jonathan Matsumoto.
3:22 of 2nd period - Stopped by Pekka Rinne with a rebound.
3:34 of 2nd period - Minor Penalty to Jonathan Matsumoto for High sticking.
3:35 of 2nd period - Guillaume Latendresse wins face-off versus Eric Staal in Panthers zone.
4:05 of 2nd period - Slapshot by Erik Johnson.
4:05 of 2nd period - Stopped by Antti Niemi with a rebound.
5:34 of 2nd period - Penalty to Jonathan Matsumoto is over, Jonathan Matsumoto is back on ice.
5:53 of 2nd period - Wrist shot by Mikhail Grabovski.
5:53 of 2nd period - Stopped by Antti Niemi without a rebound.
5:54 of 2nd period - Mikhail Grabovski wins face-off versus Shawn Horcoff in Panthers zone.
6:01 of 2nd period - Snap shot by Marcel Goc.
6:01 of 2nd period - Stopped by Antti Niemi with a rebound.
6:03 of 2nd period - Slapshot by Brendan Mikkelson.
6:03 of 2nd period - Stopped by Antti Niemi without a rebound.
6:04 of 2nd period - Colin Wilson wins face-off versus Alexander Perezhogin in Panthers zone.
6:05 of 2nd period - Snap shot by Michel Ouellet.
6:05 of 2nd period - Shot Blocked by Radko Gudas.
6:19 of 2nd period - Wrist shot by Alexander Perezhogin.
6:19 of 2nd period - Deflect By Sergei Samsonov.
6:19 of 2nd period - Shot Misses the Net.
6:19 of 2nd period - Puck is out of play.
6:20 of 2nd period - Eric Staal wins face-off versus Marian Hossa in Flames zone.
6:47 of 2nd period - Jordin Tootoo is hit by Shawn Horcoff and loses puck.
6:54 of 2nd period - Slapshot by Alexander Perezhogin.
6:54 of 2nd period - Stopped by Pekka Rinne with a rebound.
6:56 of 2nd period - Slapshot by Alexander Perezhogin.
6:56 of 2nd period - Shot Blocked by Erik Johnson.
6:58 of 2nd period - Slapshot by Erik Gudbranson.
6:58 of 2nd period - Stopped by Pekka Rinne with a rebound.
7:54 of 2nd period - Off-side.
7:55 of 2nd period - Scott Gomez wins face-off versus Eric Staal in neutral zone.
7:58 of 2nd period - Slapshot by Jonathan Sigalet.
7:58 of 2nd period - Stopped by Pekka Rinne with a rebound.
8:00 of 2nd period - Snap shot by Scott Gomez.
8:00 of 2nd period - Stopped by Pekka Rinne with a rebound.
8:02 of 2nd period - Slapshot by Matthew Spiller.
8:02 of 2nd period - Shot Misses the Net.
8:20 of 2nd period - Guillaume Latendresse is hit by Lubomir Visnovsky and loses puck.
8:47 of 2nd period - Radko Gudas is hit by Mikhail Grabovski and loses puck.
9:05 of 2nd period - Daniel Sedin is hit by Eric Staal and loses puck.
9:36 of 2nd period - Wrist shot by Tomas Kopecky.
9:36 of 2nd period - Shot Misses the Net.
10:23 of 2nd period - Guillaume Latendresse is hit by Patrik Berglund and loses puck.
10:52 of 2nd period - Daniel Sedin is hit by Erik Johnson and loses puck.
11:07 of 2nd period - Snap shot by Mikhail Grabovski.
11:07 of 2nd period - Shot Blocked by Scott Gomez.
11:09 of 2nd period - Wrist shot by Derek Meech.
11:09 of 2nd period - Stopped by Antti Niemi without a rebound.
11:10 of 2nd period - Tim Connolly wins face-off versus Mikhail Grabovski in Panthers zone.
11:17 of 2nd period - Snap shot by Marian Hossa.
11:17 of 2nd period - Goal by Marian Hossa - Panthers : 2 - Flames : 2.
11:18 of 2nd period - Tim Connolly wins face-off versus Eric Staal in neutral zone.
11:21 of 2nd period - Alexander Semin is hit by Guillaume Latendresse and loses puck.
11:32 of 2nd period - Minor Penalty to Steve Montador for Roughing.
11:33 of 2nd period - Scott Gomez wins face-off versus Eric Staal in Panthers zone.
12:28 of 2nd period - Wrist shot by Patrik Berglund.
12:28 of 2nd period - Shot Blocked by Radko Gudas.
12:44 of 2nd period - Slapshot by Erik Johnson.
12:44 of 2nd period - Stopped by Antti Niemi without a rebound.
12:45 of 2nd period - Eric Staal wins face-off versus Scott Gomez in Panthers zone.
12:48 of 2nd period - Snap shot by Eric Staal.
12:48 of 2nd period - Shot Misses the Net.
12:50 of 2nd period - Snap shot by Eric Staal.
12:50 of 2nd period - Shot Blocked by Matthew Spiller.
12:52 of 2nd period - Snap shot by David Backes.
12:52 of 2nd period - Stopped by Antti Niemi without a rebound.
12:53 of 2nd period - Eric Staal wins face-off versus Scott Gomez in Panthers zone.
12:58 of 2nd period - Backhand shot by David Backes.
12:58 of 2nd period - Stopped by Antti Niemi without a rebound.
12:59 of 2nd period - Eric Staal wins face-off versus Scott Gomez in Panthers zone.
13:06 of 2nd period - Snap shot by David Backes.
13:06 of 2nd period - Stopped by Antti Niemi with a rebound.
13:08 of 2nd period - Slapshot by Lubomir Visnovsky.
13:08 of 2nd period - Deflect By David Backes.
13:08 of 2nd period - Stopped by Antti Niemi with a rebound.
13:10 of 2nd period - Wrist shot by Eric Staal.
13:10 of 2nd period - Shot Blocked by Matthew Spiller.
13:12 of 2nd period - Slapshot by Derek Meech.
13:12 of 2nd period - Shot Blocked by Guillaume Latendresse.
13:32 of 2nd period - Penalty to Steve Montador is over, Steve Montador is back on ice.
13:36 of 2nd period - Wrist shot by Patrik Berglund.
13:36 of 2nd period - Shot Misses the Net.
14:09 of 2nd period - Slapshot by Peter Prucha.
14:09 of 2nd period - Shot Blocked by Brendan Mikkelson.
14:11 of 2nd period - Wrist shot by Scott Gomez.
14:11 of 2nd period - Stopped by Pekka Rinne with a rebound.
14:13 of 2nd period - Backhand shot by Scott Gomez.
14:13 of 2nd period - Stopped by Pekka Rinne with a rebound.
14:58 of 2nd period - Slapshot by Erik Johnson.
14:58 of 2nd period - Shot Misses the Net.
15:22 of 2nd period - Wrist shot by Marian Hossa.
15:22 of 2nd period - Deflect By Guillaume Latendresse.
15:22 of 2nd period - Stopped by Pekka Rinne with a rebound.
15:24 of 2nd period - Slapshot by William Colbert.
15:24 of 2nd period - Deflect By Marian Hossa.
15:24 of 2nd period - Shot Misses the Net.
15:24 of 2nd period - Puck is out of play.
15:25 of 2nd period - Eric Staal wins face-off versus Daniel Sedin in Flames zone.
15:25 of 2nd period - Eric Staal is hit by Peter Prucha.
15:47 of 2nd period - Minor Penalty to Steve Montador for Holding.
15:48 of 2nd period - Eric Staal wins face-off versus Scott Gomez in Panthers zone.
15:51 of 2nd period - Snap shot by David Backes.
15:51 of 2nd period - Shot Misses the Net.
15:53 of 2nd period - Wrist shot by David Backes.
15:53 of 2nd period - Shot Misses the Net.
15:55 of 2nd period - Snap shot by David Backes.
15:55 of 2nd period - Shot Misses the Net.
15:57 of 2nd period - Snap shot by Eric Staal.
15:57 of 2nd period - Deflect By David Backes.
15:57 of 2nd period - Stopped by Antti Niemi with a rebound.
15:59 of 2nd period - Slapshot by Erik Johnson.
15:59 of 2nd period - Shot Misses the Net.
16:01 of 2nd period - Slapshot by David Backes.
16:01 of 2nd period - Shot Blocked by Erik Gudbranson.
16:15 of 2nd period - Slapshot by Jordin Tootoo.
16:15 of 2nd period - Stopped by Antti Niemi with a rebound.
16:17 of 2nd period - Wrist shot by Steve Regier.
16:17 of 2nd period - Shot Misses the Net.
16:19 of 2nd period - Wrist shot by Steve Regier.
16:19 of 2nd period - Stopped by Antti Niemi without a rebound.
16:20 of 2nd period - Eric Staal wins face-off versus Scott Gomez in Panthers zone.
17:47 of 2nd period - Penalty to Steve Montador is over, Steve Montador is back on ice.
17:53 of 2nd period - Erik Gudbranson is hit by Patrik Berglund and loses puck.
18:26 of 2nd period - Radko Gudas is hit by Colin Wilson and loses puck.
18:43 of 2nd period - Radko Gudas is hit by Lubomir Visnovsky and loses puck.
18:58 of 2nd period - Radko Gudas is hit by Alexander Semin and loses puck.
19:13 of 2nd period - Slapshot by Radko Gudas.
19:13 of 2nd period - Stopped by Pekka Rinne without a rebound.
19:14 of 2nd period - Tim Connolly wins face-off versus Colin Wilson in Flames zone.
19:37 of 2nd period - Steve Montador is hit by David Backes and loses puck.
Goals for this period are 1 for Panthers vs 0 for Flames.
Shots for this period are 11 for Panthers vs 13 for Flames.
3rd period
0:01 of 3rd period - Eric Staal wins face-off versus Tim Connolly in neutral zone.
0:08 of 3rd period - Snap shot by Eric Staal.
0:08 of 3rd period - Stopped by Antti Niemi without a rebound.
0:09 of 3rd period - Eric Staal wins face-off versus Tim Connolly in Panthers zone.
0:12 of 3rd period - Wrist shot by David Backes.
0:12 of 3rd period - Stopped by Antti Niemi without a rebound.
0:13 of 3rd period - Tim Connolly wins face-off versus Eric Staal in Panthers zone.
0:24 of 3rd period - Wrist shot by David Backes.
0:24 of 3rd period - Deflect By Alexander Semin.
0:24 of 3rd period - Shot Misses the Net.
0:24 of 3rd period - Puck is out of play.
0:25 of 3rd period - Tim Connolly wins face-off versus Eric Staal in Panthers zone.
0:30 of 3rd period - Erik Gudbranson is hit by Alexander Semin and loses puck.
0:51 of 3rd period - Daniel Sedin is hit by Steve Regier and loses puck.
1:16 of 3rd period - Brendan Mikkelson is hit by Sergei Samsonov and loses puck.
1:35 of 3rd period - Wrist shot by Marian Hossa.
1:35 of 3rd period - Stopped by Pekka Rinne with a rebound.
2:18 of 3rd period - Colby Robak is hit by Alexander Perezhogin and loses puck.
2:44 of 3rd period - Lubomir Visnovsky is hit by Daniel Sedin and loses puck.
3:18 of 3rd period - Snap shot by David Backes.
3:18 of 3rd period - Stopped by Antti Niemi with a rebound.
3:20 of 3rd period - Slapshot by Brendan Mikkelson.
3:20 of 3rd period - Shot Blocked by Radko Gudas.
3:22 of 3rd period - Slapshot by Alexander Semin.
3:22 of 3rd period - Shot Misses the Net.
3:29 of 3rd period - Minor Penalty to Radko Gudas for Holding.
3:30 of 3rd period - Patrik Berglund wins face-off versus Scott Gomez in Panthers zone.
5:29 of 3rd period - Penalty to Radko Gudas is over, Radko Gudas is back on ice.
5:37 of 3rd period - Slapshot by Radko Gudas.
5:37 of 3rd period - Deflect By Erik Johnson.
5:37 of 3rd period - Shot Misses the Net.
5:37 of 3rd period - Puck is out of play.
5:38 of 3rd period - Colin Wilson wins face-off versus Jonathan Matsumoto in Flames zone.
5:38 of 3rd period - Colin Wilson is hit by Jonathan Matsumoto.
5:54 of 3rd period - Minor Penalty to Radko Gudas for Roughing.
5:55 of 3rd period - Scott Gomez wins face-off versus Eric Staal in Panthers zone.
6:10 of 3rd period - Wrist shot by Eric Staal.
6:10 of 3rd period - Shot Misses the Net.
6:12 of 3rd period - Snap shot by Eric Staal.
6:12 of 3rd period - Shot Misses the Net.
6:22 of 3rd period - Marian Hossa is hit by Steve Regier and loses puck.
7:54 of 3rd period - Penalty to Radko Gudas is over, Radko Gudas is back on ice.
8:54 of 3rd period - Steve Eminger is hit by Peter Prucha and loses puck.
9:03 of 3rd period - Slapshot by Steve Eminger.
9:03 of 3rd period - Shot Misses the Net.
9:05 of 3rd period - Snap shot by Brad Marchand.
9:05 of 3rd period - Shot Misses the Net.
9:07 of 3rd period - Slapshot by Brendan Mikkelson.
9:07 of 3rd period - Shot Misses the Net.
9:09 of 3rd period - Slapshot by Brendan Mikkelson.
9:09 of 3rd period - Deflect By Colin Wilson.
9:09 of 3rd period - Shot Misses the Net.
9:09 of 3rd period - Puck is out of play.
9:10 of 3rd period - Eric Staal wins face-off versus Jonathan Matsumoto in Panthers zone.
9:35 of 3rd period - Jeff Tambellini is hit by Steve Eminger and loses puck.
10:24 of 3rd period - Wrist shot by Guillaume Latendresse.
10:24 of 3rd period - Stopped by Pekka Rinne with a rebound.
10:34 of 3rd period - Slapshot by Erik Johnson.
10:34 of 3rd period - Stopped by Antti Niemi with a rebound.
10:54 of 3rd period - Sergei Samsonov is hit by Michel Ouellet and loses puck.
11:44 of 3rd period - Jordin Tootoo is hit by Guillaume Latendresse and loses puck.
12:15 of 3rd period - Jordin Tootoo is hit by Peter Prucha and loses puck.
12:48 of 3rd period - Backhand shot by Radko Gudas.
12:48 of 3rd period - Shot Misses the Net.
13:09 of 3rd period - Slapshot by Scott Gomez.
13:09 of 3rd period - Stopped by Pekka Rinne with a rebound.
13:23 of 3rd period - Erik Johnson is hit by Guillaume Latendresse and loses puck.
13:30 of 3rd period - Tim Connolly is hit by Eric Staal and loses puck.
13:51 of 3rd period - Snap shot by Jonathan Matsumoto.
13:51 of 3rd period - Shot Blocked by Michel Ouellet.
13:53 of 3rd period - Snap shot by Tomas Kopecky.
13:53 of 3rd period - Stopped by Pekka Rinne with a rebound.
13:55 of 3rd period - Wrist shot by Tomas Kopecky.
13:55 of 3rd period - Shot Blocked by Brendan Mikkelson.
14:05 of 3rd period - Erik Johnson is hit by Peter Prucha and loses puck.
14:16 of 3rd period - Wrist shot by Daniel Sedin.
14:16 of 3rd period - Shot Misses the Net.
14:18 of 3rd period - Backhand shot by Daniel Sedin.
14:18 of 3rd period - Stopped by Pekka Rinne without a rebound.
14:19 of 3rd period - Mikhail Grabovski wins face-off versus Shawn Horcoff in Flames zone.
14:30 of 3rd period - Lubomir Visnovsky is hit by Shawn Horcoff and loses puck.
14:35 of 3rd period - Snap shot by Sergei Samsonov.
14:35 of 3rd period - Stopped by Pekka Rinne without a rebound.
14:36 of 3rd period - Tim Connolly wins face-off versus Eric Staal in Flames zone.
14:37 of 3rd period - Wrist shot by Marian Hossa.
14:37 of 3rd period - Stopped by Pekka Rinne without a rebound.
14:38 of 3rd period - Tim Connolly wins face-off versus Eric Staal in Flames zone.
15:07 of 3rd period - Backhand shot by Alexander Semin.
15:07 of 3rd period - Stopped by Antti Niemi with a rebound.
15:09 of 3rd period - Wrist shot by Alexander Semin.
15:09 of 3rd period - Stopped by Antti Niemi with a rebound.
15:11 of 3rd period - Slapshot by Lubomir Visnovsky.
15:11 of 3rd period - Stopped by Antti Niemi without a rebound.
15:12 of 3rd period - Shawn Horcoff wins face-off versus Patrik Berglund in Panthers zone.
16:12 of 3rd period - Icing by Steve Regier.
16:13 of 3rd period - Tim Connolly wins face-off versus Patrik Berglund in Flames zone.
16:18 of 3rd period - Snap shot by Guillaume Latendresse.
16:18 of 3rd period - Stopped by Pekka Rinne with a rebound.
16:45 of 3rd period - Minor Penalty to Scott Gomez for Tripping.
16:46 of 3rd period - Shawn Horcoff wins face-off versus Eric Staal in Panthers zone.
16:58 of 3rd period - Shawn Horcoff is hit by Eric Staal.
17:18 of 3rd period - Eric Staal is hit by Guillaume Latendresse and loses puck.
18:45 of 3rd period - Penalty to Scott Gomez is over, Scott Gomez is back on ice.
Goals for this period are 0 for Panthers vs 0 for Flames.
Shots for this period are 8 for Panthers vs 7 for Flames.
Overtime #1
0:01 of 1st overtime period - Eric Staal wins face-off versus Tim Connolly in neutral zone.
0:16 of 1st overtime period - Snap shot by Eric Staal.
0:16 of 1st overtime period - Stopped by Antti Niemi with a rebound.
0:36 of 1st overtime period - Alexander Semin is hit by Erik Gudbranson and loses puck.
0:56 of 1st overtime period - Off-side.
0:57 of 1st overtime period - Tim Connolly wins face-off versus Eric Staal in neutral zone.
1:08 of 1st overtime period - Guillaume Latendresse is hit by Brendan Mikkelson and loses puck.
1:26 of 1st overtime period - Brendan Mikkelson is hit by Erik Gudbranson and loses puck.
3:01 of 1st overtime period - Snap shot by Colin Wilson.
3:01 of 1st overtime period - Stopped by Antti Niemi without a rebound.
3:02 of 1st overtime period - Eric Staal wins face-off versus Tim Connolly in Panthers zone.
3:23 of 1st overtime period - Erik Johnson is hit by Scott Gomez and loses puck.
4:24 of 1st overtime period - William Colbert is hit by Jordin Tootoo and loses puck.
Goals for this period are 0 for Panthers vs 0 for Flames.
Shots for this period are 0 for Panthers vs 2 for Flames.
ShootOut
5:00 of 1st overtime period - Penalty Shot by Guillaume Latendresse for Panthers.
5:00 of 1st overtime period - Deke by Guillaume Latendresse.
5:00 of 1st overtime period - Stopped by Pekka Rinne.
5:00 of 1st overtime period - Penalty Shot by Eric Staal for Flames.
5:00 of 1st overtime period - Deke by Eric Staal.
5:00 of 1st overtime period - Stopped by Antti Niemi.
5:00 of 1st overtime period - Penalty Shot by Sergei Samsonov for Panthers.
5:00 of 1st overtime period - Deke by Sergei Samsonov.
5:00 of 1st overtime period - Shot Misses the Net.
5:00 of 1st overtime period - Penalty Shot by Alexander Semin for Flames.
5:00 of 1st overtime period - Deke by Alexander Semin.
5:00 of 1st overtime period - Stopped by Antti Niemi.
5:00 of 1st overtime period - Penalty Shot by Jeff Tambellini for Panthers.
5:00 of 1st overtime period - Wrist shot by Jeff Tambellini.
5:00 of 1st overtime period - Stopped by Pekka Rinne.
5:00 of 1st overtime period - Penalty Shot by David Backes for Flames.
5:00 of 1st overtime period - Wrist shot by David Backes.
5:00 of 1st overtime period - Stopped by Antti Niemi.
5:00 of 1st overtime period - Penalty Shot by Marian Hossa for Panthers.
5:00 of 1st overtime period - Snap shot by Marian Hossa.
5:00 of 1st overtime period - Stopped by Pekka Rinne.
5:00 of 1st overtime period - Penalty Shot by Patrik Berglund for Flames.
5:00 of 1st overtime period - Deke by Patrik Berglund.
5:00 of 1st overtime period - Shot Misses the Net.
5:00 of 1st overtime period - Penalty Shot by Peter Prucha for Panthers.
5:00 of 1st overtime period - Snap shot by Peter Prucha.
5:00 of 1st overtime period - Stopped by Pekka Rinne.
5:00 of 1st overtime period - Penalty Shot by Colin Wilson for Flames.
5:00 of 1st overtime period - Deke by Colin Wilson.
5:00 of 1st overtime period - Stopped by Antti Niemi.
5:00 of 1st overtime period - Penalty Shot by Daniel Sedin for Panthers.
5:00 of 1st overtime period - Wrist shot by Daniel Sedin.
5:00 of 1st overtime period - Shot Misses the Net.
5:00 of 1st overtime period - Penalty Shot by Mikhail Grabovski for Flames.
5:00 of 1st overtime period - Backhand shot by Mikhail Grabovski.
5:00 of 1st overtime period - Shot Misses the Net.
5:00 of 1st overtime period - Penalty Shot by Jonathan Matsumoto for Panthers.
5:00 of 1st overtime period - Wrist shot by Jonathan Matsumoto.
5:00 of 1st overtime period - Stopped by Pekka Rinne.
5:00 of 1st overtime period - Penalty Shot by Brad Marchand for Flames.
5:00 of 1st overtime period - Deke by Brad Marchand.
5:00 of 1st overtime period - Stopped by Antti Niemi.
5:00 of 1st overtime period - Penalty Shot by Shawn Horcoff for Panthers.
5:00 of 1st overtime period - Wrist shot by Shawn Horcoff.
5:00 of 1st overtime period - Stopped by Pekka Rinne.
5:00 of 1st overtime period - Penalty Shot by Steve Regier for Flames.
5:00 of 1st overtime period - Snap shot by Steve Regier.
5:00 of 1st overtime period - Shot Misses the Net.
5:00 of 1st overtime period - Penalty Shot by Alexander Perezhogin for Panthers.
5:00 of 1st overtime period - Snap shot by Alexander Perezhogin.
5:00 of 1st overtime period - Goal by Alexander Perezhogin.
5:00 of 1st overtime period - Penalty Shot by Jordin Tootoo for Flames.
5:00 of 1st overtime period - Snap shot by Jordin Tootoo.
5:00 of 1st overtime period - Shot Misses the Net.
Back to the Top